 Dungeon Crawl Stone Soup version 0.29-a0-911-g88e6f02907 (webtiles) character file.

Game seed: 17986638678489969577

60 greasedhog the Shooter (level 4, -5/26 HPs)
             Began as a Gargoyle Hunter on July 25, 2022.
             Slain by a gnoll
             ... wielding a +0 flail of venom
              (6 damage)
             ... on level 2 of the Dungeon.
             The game lasted 00:01:29 (1367 turns).

greasedhog the Shooter (Gargoyle Hunter)            Turns: 1367, Time: 00:01:30

Health: -5/26      AC:  6    Str: 15    XL:     4   Next: 4%
Magic:  4/4        EV: 11    Int:  9    God:
Gold:   42         SH:  0    Dex: 15    Spells: 3/3 levels left

rFire   . . .      SeeInvis .   e - +0 short sword
rCold   . . .      Faith    .   (no shield)
rNeg    + . .      Spirit   .   c - +0 leather armour
rPois   ∞          Reflect  .   (no helmet)
rElec   +          Harm     .   (no cloak)
rCorr   .          Rampage  .   (no gloves)
Will    .....                   (no boots)
Stlth   ++........              (no amulet)
HPRegen 0.08/turn               (no ring)
MPRegen 0.09/turn               (no ring)

@: weak-willed
A: sickness immunity, AC +3, negative energy resistance 1, electricity
resistance, torment resistance 1, petrification resistance
a: no special abilities


You were on level 2 of the Dungeon.
You visited 1 branch of the dungeon, and saw 2 of its levels.

You collected 42 gold pieces.

Inventory:

Hand Weapons
 a - a +0 shortbow
 e - a +0 short sword (weapon)
Armour
 c - a +0 leather armour (worn)
Scrolls
 b - a scroll of immolation
Potions
 d - a potion of curing
 f - a potion of might {unknown}


   Skills:
 - Level 2.1 Fighting
 * Level 4.8 Ranged Weapons
 - Level 1.5 Dodging
 * Level 3.2 Stealth


You had 3 spell levels left.
You didn't know any spells.
Your spell library was empty.

Dungeon Overview and Level Annotations

Branches:
Dungeon (2/15)

Altars:


Innate Abilities, Weirdness & Mutations

You are immune to sickness and miasma.
Your stone body is resilient. (AC +3)
You are immune to poison.
You resist negative energy. (rN+)
You are resistant to electric shocks. (rElec)
You are resistant to unholy torment.
You are immune to petrification.


Message History

A gnoll is nearby!
You shoot an arrow. The arrow completely misses the gnoll.
The gnoll shouts!
You shoot an arrow. The arrow hits the gnoll!
The gnoll is severely wounded.
You shoot an arrow. The arrow hits the gnoll!
You kill the gnoll!
A gnoll comes into view. It is wielding a +0 flail of venom.
A gnoll comes into view. It is wielding a +0 club.
You have reached level 4!
You feel stronger.
You shoot an arrow. The gnoll shouts!
The arrow hits the gnoll.
The gnoll is moderately wounded.
You shoot an arrow.
The arrow hits the gnoll but does no damage.
The gnoll is moderately wounded.
You shoot an arrow. The arrow barely misses the gnoll.
The gnoll hits you with a +0 flail of venom!
e - a +0 short sword (weapon)
It was a potion of curing.
You feel better. The gnoll hits you but does no damage.
You hit the gnoll.
The gnoll is severely wounded.
The gnoll hits you with a +0 flail of venom.
You hit the gnoll.
The gnoll is almost dead.
The gnoll barely misses you.
You hit the gnoll but do no damage.
The gnoll is almost dead.
The gnoll hits you with a +0 flail of venom!
You barely miss the gnoll.
The gnoll is almost dead.
The gnoll hits you with a +0 flail of venom!
* * * LOW HITPOINT WARNING * * *
You closely miss the gnoll.
The gnoll is almost dead.
The gnoll hits you with a +0 flail of venom.
You die...

... ....
#########+#....
##..............
#.........>.....
#............)..
#.######g.......
#.# #g###.).. #.#
#@#<# ... #.#
#.#.# .
#.######.#.#
#####.#......#.#
#...........##.#
#..........)##†#
#...........†..#
........†....####
.##...........#


You could see 2 gnolls.

Vanquished Creatures
  A gnoll (D:2)
  An adder (D:2)
  9 ball pythons
  5 endoplasms
  3 goblins
  4 jackals
  3 quokkas
  4 bats (D:1)
  3 kobolds
  A rat (D:2)
34 creatures vanquished.

Notes
Turn   | Place    | Note
-------+----------+-------------------------------------------
     0 | D:1      | greasedhog the Gargoyle Hunter began the quest for the Orb.
     0 | D:1      | Reached XP level 1. HP: 12/12 MP: 1/1
    59 | D:1      | Reached XP level 2. HP: 14/17 MP: 2/2
   579 | D:1      | Found a faded altar of an unknown god.
   828 | D:1      | Reached XP level 3. HP: 21/21 MP: 3/3
  1355 | D:2      | Reached XP level 4. HP: 24/26 MP: 4/4
  1366 | D:2      | HP: 1/26 [gnoll/+0 flail of venom (7)]
  1367 | D:2      | Slain by a gnoll

Illustrated notes

Levels and vault maps discovered:
D:1:      mrwooster_arrival_statue_2, layout_basic,
          chequers_ecumenical_altar_twisty, chequers_serial_rivers_room_a
D:2:      layout_basic, minmay_stone_trees_small, minmay_misc_feat_cross

Skill      XL: |  1  2  3 |
---------------+----------+-----
Stealth        | 2 3 |  3.2
Fighting       | |  2.1
Ranged Weapons | |  4.8
Dodging        | |  1.5

Action                   |  1- 3 |  4- 6 || total
-------------------------+-------+-------++-------
Melee: Short sword       |       |     5 ||     5
 Fire: Shortbow          |   109 |     3 ||   112
  Use: Scroll            |     1 |       ||     1
       Potion            |       |     1 ||     1
Armor: Leather armour    |    40 |     1 ||    41
Dodge: Dodged            |    49 |     1 ||    50

Table legend: (Time is in decaauts)
 A = Elapsed time spent in this place.
 B = Non-inter-level travel time spent in this place.
 C = Inter-level travel time spent in this place.
 D = Time resting spent in this place.
 E = Time spent auto-exploring this place.
 F = Levels seen in this place.
 G = Mean time per level.
                   A        B        C        D        E       F      G
               +--------+--------+--------+--------+--------+-----+--------+
         Total |   1401 |   1388 |     13 |      0 |   1183 |   2 |  700.5 |
       Dungeon |   1401 |   1388 |     13 |      0 |   1183 |   2 |  700.5 |
               +--------+--------+--------+--------+--------+-----+--------+

Top non-repeatable levels by time:
     D:1: 1190 daAuts
     D:2: 210 daAuts
